 Dungeon Crawl Stone Soup version 0.23.2-30-g0e89c35649 (webtiles) character file.

Game seed: 5355413162240523862

1531 Artanis the Cleaver (level 8, -3/74 HPs)
             Began as a Hill Orc Fighter on June 19, 2019.
             Slain by an orc warrior
             ... wielding a +0 short sword
              (18 damage)
             ... on level 6 of the Dungeon on June 20, 2019.
             The game lasted 00:44:45 (6076 turns).

Artanis the Cleaver (Hill Orc Fighter)              Turns: 6076, Time: 00:44:45

Health: -3/74      AC: 10    Str: 21    XL:     8   Next: 85%
Magic:  8/8        EV: 10    Int:  8    God:
Gold:   231        SH:  9    Dex: 10    Spells: 7/7 levels left

rFire    + . .     SeeInvis .   s - +0 hand axe (flame)
rCold    . . .     Gourm    .   c - +0 shield
rNeg     . . .     Faith    .   t - +3 leather armour {rF+}
rPois    .         Spirit   .   (no helmet)
rElec    .         Reflect  .   j - +0 cloak
rCorr    .         Harm     .   (no gloves)
MR       .....                  h - +1 pair of boots
Stlth    ++........             (no amulet)
HPRegen  0.22/turn              x - +2 ring of evasion
MPRegen  0.11/turn              F - ring of stealth

@: about to teleport
A: no striking features
a: no special abilities


You were on level 6 of the Dungeon.
You were not hungry.

You visited 1 branch of the dungeon, and saw 6 of its levels.

You collected 231 gold pieces.

Inventory:

Hand Weapons
 a - a +0 war axe
 s - a +0 hand axe of flaming (weapon)
 v - a +0 flail
 G - a +4 flail of holy wrath
Missiles
 n - 42 bolts
 y - 27 sling bullets
 z - 4 curare-tipped needles
 A - 29 poisoned needles
Armour
 b - a +0 scale mail
 c - a +0 shield (worn)
 h - a +1 pair of boots (worn)
 j - a +0 cloak (worn)
 t - a +3 leather armour of fire resistance (worn)
Jewellery
 x - a +2 ring of evasion (left hand)
 F - a ring of stealth (right hand)
Scrolls
 e - a scroll of fog
 l - 5 scrolls of remove curse
 m - 3 scrolls of fear
 q - 2 scrolls of amnesia
 r - a scroll of magic mapping
 w - 2 scrolls of teleportation
 D - a scroll of blinking {unknown}
Potions
 d - 4 potions of might
 g - a potion of heal wounds {unknown}
 i - a potion of brilliance {unknown}
 k - 2 potions of flight {unknown}
 o - a potion of berserk rage {unknown}
 p - 3 potions of curing {unknown}
 u - a potion of haste {unknown}
 B - a potion of mutation {unknown}
Comestibles
 f - 9 rations


   Skills:
 + Level 8.2 Fighting
 + Level 8.6 Axes
 + Level 7.5 Armour
 - Level 3.4 Shields


You had 7 spell levels left.
You didn't know any spells.
Your spell library was empty.

Dungeon Overview and Level Annotations

Branches:
Dungeon (6/15)             Temple (0/1) D:6

Altars:


Message History

The orc warrior hits you with a +0 short sword.
As you read the scroll of fog, it crumbles to dust.
The scroll dissolves into smoke.
The orc hits you but does no damage.
The orc warrior hits you with a +0 short sword.
You hit the orc warrior. You burn the orc warrior.
The orc warrior is moderately wounded.
You hit the orc. You burn the orc.
You kill the orc!
The orc warrior hits you with a +0 short sword.
The ice beast closely misses you.
You hit the orc warrior. You burn the orc warrior.
The orc warrior is heavily wounded.
You hit the ice beast but do no damage.
The orc warrior hits you with a +0 short sword!!
* * * LOW HITPOINT WARNING * * *
The ice beast barely misses you.
As you read the scroll of teleportation, it crumbles to dust.
You feel strangely unstable.
The orc warrior hits you with a +0 short sword!!
You die...

..# #.#....######
..# #. #......#
#... ### #.
###....# #.## #
#.## ##.#.###.#
..#####...#...#
#.
#........##.#.#
#..#
#..#####.##.#.##
..##.§###§.#
#.##.#...
>....oY@§§.#
#.##.####
...#.oo#§§.#
#.##.## #
....#§o#§§.#
#.#.#.### .#.
#.##...#
##..###.## ..
#...####..## ##..
..#
#..........###.##
.##
#.#.#####.#.#.##
..
##....####....##
#.............#


You could see an orc warrior, an ice beast and 3 orcs.

Vanquished Creatures
  Edmund (D:6)
  A water moccasin (D:3)
  2 ice beasts (D:5)
  A scorpion (D:6)
  3 crimson imps
  A jelly (D:6)
  2 hounds (D:5)
  5 orc priests
  A bullfrog skeleton (D:5)
  8 orc wizards
  2 iguanas
  5 worker ants
  Terence (D:3)
  A hound skeleton (D:4)
  A gnoll (D:1)
  12 adders
  2 oozes
  3 adder skeletons
  A dart slug (D:1)
  3 leopard geckos
  25 orcs
  A ball python (D:2)
  5 giant cockroaches
  9 goblins
  11 hobgoblins
  4 jackals (D:2)
  9 kobolds
  2 quokkas (D:2)
  10 bats
  4 frilled lizards
  A leopard gecko skeleton (D:4)
  A quokka zombie (D:5)
  8 rats
146 creatures vanquished.

Notes
Turn   | Place    | Note
-------+----------+-------------------------------------------
     0 | D:1      | Artanis the Hill Orc Fighter began the quest for the Orb.
     0 | D:1      | Reached XP level 1. HP: 19/19 MP: 1/1
    97 | D:1      | Reached XP level 2. HP: 24/27 MP: 2/2
   255 | D:1      | Reached XP level 3. HP: 26/33 MP: 3/3
   914 | D:2      | Reached XP level 4. HP: 41/41 MP: 4/4
  1396 | D:2      | Reached XP level 5. HP: 47/47 MP: 5/5
  2071 | D:3      | Noticed a water moccasin
  2083 | D:3      | Killed a water moccasin
  2083 | D:3      | Reached skill level 5 in Fighting
  2083 | D:3      | Reached skill level 5 in Axes
  2083 | D:3      | Reached XP level 6. HP: 50/56 MP: 6/6
  2285 | D:3      | Reached skill level 5 in Armour
  2889 | D:3      | Noticed Terence
  2904 | D:3      | Killed Terence
  3291 | D:4      | Reached XP level 7. HP: 60/63 MP: 7/7
  4023 | D:5      | Entered Level 5 of the Dungeon
  4531 | D:5      | Reached XP level 8. HP: 46/73 MP: 8/8
  5799 | D:6      | Noticed Edmund
  5839 | D:6      | Killed Edmund
  6065 | D:6      | Found a staircase to the Ecumenical Temple.
  6076 | D:6      | Slain by an orc warrior

Skill      XL: |  1  2  3  4  5  6  7  8 |
---------------+-------------------------+-----
Axes           | 3 4 5 7 8 |  8.6
Fighting       | 4 5 6 7 8 |  8.2
Armour         | 4 5 6 7 |  7.5
Shields        | |  3.4

Action                   |  1- 3 |  4- 6 |  7- 9 || total
-------------------------+-------+-------+-------++-------
Melee: War axe           |   108 |   110 |       ||   218
       Hand axe          |       |    93 |   325 ||   418
  Use: Scroll            |       |     3 |     7 ||    10
  Eat: Ration            |       |     3 |     2 ||     5
       Chunk             |       |       |     1 ||     1
Armor: Scale mail        |    47 |    61 |       ||   108
       Leather armour    |       |    26 |    88 ||   114
Dodge: Dodged            |    37 |    71 |    94 ||   202
Block: Shield            |    64 |    96 |   110 ||   270
